 Dungeon Crawl Stone Soup version 0.27-a0-553-ge0ab5a2769 (webtiles) character file.

Game seed: 317031995763574296

114 Chiseanne the Magician (level 4, 0/30 HPs)
             Began as a Demonspawn Hedge Wizard on Mar 8, 2021.
             Succumbed to kobold brigand's curare-tipped dart
             ... on level 2 of the Dungeon.
             The game lasted 00:03:35 (4031 turns).

Chiseanne the Magician (Demonspawn Hedge Wizard)    Turns: 4031, Time: 00:03:36

Health: 0/30       AC:  2    Str: 10    XL:     4   Next: 66%
Magic:  1/10       EV: 12    Int: 18    God:
Gold:   157        SH:  0    Dex: 13    Spells: 5/11 levels left

rFire    . . .     SeeInvis .   a - +1 dagger
rCold    . . .     Faith    .   (no shield)
rNeg     . . .     Spirit   .   b - +0 robe
rPois    .         Reflect  .   c - +0 hat
rElec    .         Harm     .   (no cloak)
rCorr    .         Rampage  .   (no gloves)
Will     .....                  (no boots)
Stlth    ++........             (no amulet)
HPRegen  0.10/turn              (no ring)
MPRegen  0.12/turn              (no ring)

@: lethally poisoned (0 -> -12), hasted and slowed
A: big brain 1, demonic magic 1
a: no special abilities


You were on level 2 of the Dungeon.
You visited 1 branch of the dungeon, and saw 2 of its levels.

You collected 157 gold pieces.

Inventory:

Hand Weapons
 a - a +1 dagger (weapon)
 h - a +0 quarterstaff
Missiles
 d - 71 stones
 g - 35 arrows
 i - 32 sling bullets
 k - 8 silver javelins
Armour
 b - a +0 robe (worn)
 c - a +0 hat (worn)
Scrolls
 e - 2 scrolls of enchant weapon
 j - a scroll of identify


   Skills:
 - Level 1.7 Dodging
 - Level 1.7 Stealth
 * Level 4.0 Spellcasting
 * Level 3.0 Conjurations
 - Level 1.0 Summonings
 - Level 0.8 Translocations
 * Level 1.1 Air Magic


You had 5 spell levels left.
You knew the following spells:

 Your Spells              Type           Power      Damage    Failure   Level
a - Magic Dart            Conj           56%        1d5       4%          1
b - Blink                 Tloc           N/A        N/A       16%         2
d - Mephitic Cloud        Conj/Pois/Air  8%         N/A       24%         3

Your spell library contained the following spells:

 Spells                   Type           Power      Damage    Failure   Level
 Call Imp                 Summ           7%         N/A       14%         2
 Slow                     Hex            3%         N/A       22%         2
 Conjure Flame            Conj/Fire      9%         6-21      24%         3


Dungeon Overview and Level Annotations

Branches:
Dungeon (2/15)

Altars:
Uskayaw


Innate Abilities, Weirdness & Mutations

You have an unusually large brain. (Int +2)
Spells you cast may paralyse adjacent enemies.


Message History

The kobold brigand throws a curare-tipped dart.
The curare-tipped dart hits you.
You are more poisoned.
You have difficulty breathing.
You feel as though you will be slow longer.
Casting: Magic Dart (safe; 4% risk of failure)
Confirm with . or Enter, or press ? or * to list all spells.
Aiming: Magic Dart (safe; 4% risk of failure)
Press: ? - help, Shift-Dir - straight line, f/p - kobold brigand
Aim: a kobold brigand, quivering curare-tipped darts (0% to evade)
The magic dart hits the kobold brigand but does no damage.
Malevolent energies surge around you.
You feel sick.
You hit the kobold brigand but do no damage.
You feel sick. The kobold brigand hits you!
* * * LOW HITPOINT WARNING * * *
The kobold brigand hits you.
* * * LOW HITPOINT WARNING * * *
Casting: Magic Dart (safe; 4% risk of failure)
Confirm with . or Enter, or press ? or * to list all spells.
Aiming: Magic Dart (safe; 4% risk of failure)
Press: ? - help, Shift-Dir - straight line, f/p - kobold brigand
Aim: a kobold brigand, quivering curare-tipped darts (0% to evade)
The magic dart hits the kobold brigand.
The kobold brigand is lightly wounded.
Malevolent energies surge around you.
* * * LOW HITPOINT WARNING * * *
You feel sick. The kobold brigand misses you.
Casting: Magic Dart (safe; 4% risk of failure)
Confirm with . or Enter, or press ? or * to list all spells.
Aiming: Magic Dart (safe; 4% risk of failure)
Press: ? - help, Shift-Dir - straight line, f/p - kobold brigand
Aim: a kobold brigand, quivering curare-tipped darts (lightly wounded, 0% to evade)
The magic dart hits the kobold brigand.
The kobold brigand is moderately wounded.
Malevolent energies surge around you.
The kobold brigand suddenly stops moving!
* * * LOW HITPOINT WARNING * * *
You feel sick.
You feel yourself speed up.
You die...

..)#####+#.####
########..... ...#
..# #............
...# ...
#..........#
...#####...
#..........#
..........>
#..........#
...########
#....K.....#
..........#
#...g......#
..........#
#########..####'####
..........#
#...@Kg....# #.##
..........#
#.########## ..K..##
..........###.#
#..g..##
..............#
##.._g^##
.#.###.###.#..#
##.....##
.#...#.#...#..#
##.....##
.###.#.#.###..#
..............#
.###.#.#.###..#


You could see a kobold brigand (paralysed) and a goblin.

Vanquished Creatures
  A worker ant (D:2)
  3 adders (D:2)
  2 oozes (D:1)
  A worm (D:2)
  2 dart slugs
  A leopard gecko (D:2)
  4 bats
  4 giant cockroaches
  6 goblins
  8 hobgoblins
  6 kobolds
  A ball python (D:2)
  2 frilled lizards (D:1)
  6 rats
47 creatures vanquished.

Vanquished Creatures (others)
  A plant (D:2)
1 creature vanquished.

Grand Total: 48 creatures vanquished

Notes
Turn   | Place    | Note
-------+----------+-------------------------------------------
     0 | D:1      | Chiseanne the Demonspawn Hedge Wizard began the quest for
                  | the Orb.
     0 | D:1      | Reached XP level 1. HP: 13/13 MP: 4/4
   424 | D:1      | Gained mutation: Spells you cast may paralyse adjacent
                  | enemies. [demonic ancestry]
   424 | D:1      | Reached XP level 2. HP: 16/19 MP: 0/6
  1919 | D:1      | Gained mutation: You have an unusually large brain. (Int
                  | +2) [demonic ancestry]
  1919 | D:1      | Reached XP level 3. HP: 24/24 MP: 2/8
  2912 | D:2      | Learned a level 2 spell: Blink
  2916 | D:2      | Learned a level 3 spell: Mephitic Cloud
  3175 | D:2      | Reached XP level 4. HP: 25/30 MP: 0/9
  3750 | D:2      | Reached skill level 4 in Spellcasting
  3750 | D:2      | Reached skill level 1 in Air Magic
  4007 | D:2      | Found a hide-covered altar of Uskayaw.
  4007 | D:2      | Noticed a kobold brigand
  4031 | D:2      | Succumbed to kobold brigand's curare-tipped dart

Illustrated notes

Levels and vault maps discovered:
D:1:      dpeg_arrival_rhombi, layout_basic
D:2:      layout_basic, nicolae_uskayaw_dance_studio, serial_bayou_pond_b,
          serial_bayou_lagoon_a, minmay_misc_feat_roman

Skill      XL: |  1  2  3  4 |
---------------+-------------+-----
Conjurations   | 2 3 |  3.0
Spellcasting   | 4 |  4.0
Air Magic      | 1 |  1.1
Dodging        | |  1.7
Stealth        | |  1.7
Summonings     | |  1.0
Translocations | |  0.8

Action                   |  1- 3 |  4- 6 || total
-------------------------+-------+-------++-------
Melee: Dagger            |    18 |     7 ||    25
 Cast: Magic Dart        |   101 |    46 ||   147
  Use: Scroll            |     3 |       ||     3
       Potion            |       |     1 ||     1
 Stab: Paralysed         |     4 |     1 ||     5
Armor: Robe              |     4 |       ||     4
Dodge: Dodged            |    23 |     8 ||    31

Table legend: (Time is in decaauts)
 A = Elapsed time spent in this place.
 B = Non-inter-level travel time spent in this place.
 C = Inter-level travel time spent in this place.
 D = Time resting spent in this place.
 E = Time spent auto-exploring this place.
 F = Levels seen in this place.
 G = Mean time per level.
                   A        B        C        D        E       F      G
               +--------+--------+--------+--------+--------+-----+--------+
         Total |   4036 |   3982 |     54 |   2616 |   1021 |   2 | 2018.0 |
       Dungeon |   4036 |   3982 |     54 |   2616 |   1021 |   2 | 2018.0 |
               +--------+--------+--------+--------+--------+-----+--------+

Top non-repeatable levels by time:
     D:1: 2406 daAuts
     D:2: 1630 daAuts
